 Dungeon Crawl Stone Soup version 0.24.0-2-g5b39cebb1c (webtiles) character file.

Game seed: 7059082279628574705, levelgen mode: deterministic

2620412 MTVSty1e the Axe Maniac (level 27, 270/270 (273) HPs)
             Began as a Minotaur Gladiator on Oct 29, 2019.
             Was the Champion of Makhleb.
             Escaped with the Orb
             ... and 4 runes!
             The game lasted 02:42:44 (63471 turns).

MTVSty1e the Axe Maniac (Minotaur Gladiator)       Turns: 63471, Time: 02:42:45

HP:   270/270 (273) AC: 48    Str: 40    XL:     27
MP:   37/37         EV: 21    Int:  3    God:    Makhleb [******]
Gold: 7994          SH:  4    Dex: 11    Spells: 26/26 levels left

rFire    + + +     SeeInvis +   V - +8 executioner's axe of Xeulli {protect, rElec Str+5 Dex-5}
rCold    + + .     Gourm    .   (shield currently unavailable)
rNeg     + + +     Faith    .   p - +11 gold dragon scales
rPois    +         Spirit   .   S - +3 hat of the Wild Haggis {rN++}
rElec    +         Reflect  .   g - scarf {rC+ rF+}
rCorr    .         Harm     .   u - +2 pair of gloves of Least Resistance {rF+ rN+ Str-3 Slay+2}
MR       ++++.                  m - +1 pair of boots "Kebalasm" {Str+4}
Stlth    ..........             b - amulet of Wenoipu {Acrobat MR+ Int+2 Dex+2}
HPRegen  0.95/turn              L - ring of see invisible
MPRegen  0.25/turn              Q - ring of Hiesiqab {*Corrode *Drain rN+++ Str+4 Slay+5}

@: no status effects
A: retaliatory headbutt, claws 1, horns 2, large bone plates 1, blurry vision 2,
deterioration 1, dopey 2, magic resistance 1, regeneration 1, screaming 1
0: Orb of Zot
}: 4/15 runes: decaying, slimy, silver, gossamer
a: Minor Destruction, Lesser Servant of Makhleb, Major Destruction, Greater
Servant of Makhleb, Renounce Religion


You escaped.
You worshipped Makhleb.
Makhleb was exalted by your worship.
You were full.

You visited 12 branches of the dungeon, and saw 58 of its levels.
You visited 1 ziggurat, and saw 6 of its levels.
You also visited: Bailey.

You collected 9286 gold pieces.
You spent 1292 gold pieces at shops.

Inventory:

Hand Weapons
 V - the +8 executioner's axe of Xeulli (weapon) {protect, rElec Str+5 Dex-5}
   (You found it on level 3 of the Elven Halls)

   It grants its wielder temporary protection when it strikes (+7 to AC).
   It affects your strength (+5).
   It affects your dexterity (-5).
   It insulates you from electricity.
Armour
 c - a +1 hat
 g - a scarf of resistance (worn)
 m - the +1 pair of boots "Kebalasm" (worn) {Str+4}
   (You found it on level 1 of the Crypt)

   It affects your strength (+4).
 p - +11 gold dragon scales (worn)
 u - the +2 pair of gloves of Least Resistance (worn) {rF+ rN+ Str-3 Slay+2}
   (You acquired it on level 2 of the Vaults)

   It affects your strength (-3).
   It affects your accuracy and damage with ranged weapons and melee attacks
   (+2).
   It protects you from fire.
   It protects you from negative energy.
 z - a +1 cloak of magic resistance
 S - the +3 hat of the Wild Haggis (worn) {rN++}
   (You acquired it on level 4 of the Realm of Zot)

   It greatly protects you from negative energy.
Jewellery
 a - the ring of Etsugrav {MR+ Int+2 Dex+4 Stlth+}
   (You bought it in a shop on level 1 of the Depths)

   [ring of intelligence]

   It affects your intelligence (+2).
   It affects your dexterity (+4).
   It affects your resistance to hostile enchantments.
   It makes you more stealthy.
 b - the amulet of Wenoipu (around neck) {Acrobat MR+ Int+2 Dex+2}
   (You took it off a spriggan defender on level 2 of the Depths)

   [amulet of the acrobat]

   It helps you evade while moving and waiting.
   It affects your intelligence (+2).
   It affects your dexterity (+2).
   It affects your resistance to hostile enchantments.
 i - the ring of Helil {+Fly AC+2}
   (You found it on level 4 of the Vaults)

   [ring of protection]

   It affects your AC (+2).
   It lets you fly.
 q - the ring "Jore" {Ice rPois rN+ MR-}
   (You found it on level 5 of the Pits of Slime)

   [ring of ice]

   It enhances your ice magic.
   It makes you vulnerable to fire.
   It protects you from cold.
   It protects you from poison.
   It protects you from negative energy.
   It affects your resistance to hostile enchantments.
 s - the ring of the Mage {Wiz MR++ Int+3}
   (You found it on level 4 of a ziggurat)

   [ring of wizardry]

   It improves your spell success rate.
   It affects your intelligence (+3).
   It affects your resistance to hostile enchantments.
 y - an uncursed ring of protection from cold
 L - a ring of see invisible (left hand)
 P - an uncursed ring of protection from fire
 Q - the ring of Hiesiqab (right hand) {*Corrode *Drain rN+++ Str+4 Slay+5}
   (You acquired it in a bailey)

   [ring of strength]

   It affects your strength (+4).
   It affects your accuracy and damage with ranged weapons and melee attacks
   (+5).
   It renders you almost immune to negative energy.
   It may corrode you when you take damage.
   It causes draining when unequipped.
 R - an uncursed ring of poison resistance
 T - an uncursed ring of resist corrosion
Wands
 n - a wand of acid (73)
 w - a wand of scattershot (16)
 B - a wand of digging (9)
 H - a wand of polymorph (25)
 I - a wand of iceblast (42)
 K - a wand of random effects (27)
 O - a wand of flame (42)
 W - a wand of paralysis (21)
 Y - a wand of disintegration (18)
Scrolls
 h - 2 scrolls of brand weapon
 k - 9 scrolls of fear
 l - 35 scrolls of teleportation
 o - 3 scrolls of silence
 t - 12 scrolls of identify
 D - 9 scrolls of fog
 E - 29 scrolls of remove curse
 M - 8 scrolls of blinking
 U - 7 scrolls of magic mapping
 X - 2 scrolls of amnesia
 Z - 5 scrolls of enchant weapon
Potions
 d - 7 potions of heal wounds
 e - 4 potions of cancellation
 j - 8 potions of flight
 r - 5 potions of magic
 v - 10 potions of ambrosia
 x - 6 potions of brilliance
 A - 13 potions of curing
 C - 3 potions of invisibility
 F - 3 potions of resistance
 G - 2 potions of mutation
 J - 2 potions of haste
 N - 4 potions of agility
Comestibles
 f - 44 rations


   Skills:
 O Level 27 Fighting
 O Level 27 Axes
 - Level 2.0 Throwing
 O Level 27 Armour
 O Level 27 Dodging
 + Level 22.2 Invocations


You had 26 spell levels left.
You didn't know any spells.
Your spell library contained the following spells:

 Spells                   Type           Power        Failure   Level  Hunger
 Animate Skeleton         Necr           N/A          91%         1    ##.....
 Beastly Appendage        Tmut           #.....       91%         1    ##.....
 Confusing Touch          Hex            #.....       91%         1    ##.....
 Corona                   Hex            #......      91%         1    ##.....
 Flame Tongue             Conj/Fire      #....        91%         1    ##.....
 Freeze                   Ice            #...         91%         1    ##.....
 Infusion                 Chrm           #...         91%         1    ##.....
 Magic Dart               Conj           #...         91%         1    ##.....
 Pain                     Necr           #...         91%         1    ##.....
 Sandblast                Erth           #.....       91%         1    ##.....
 Shock                    Conj/Air       #...         91%         1    ##.....
 Sting                    Conj/Pois      #...         91%         1    ##.....
 Blink                    Tloc           N/A          97%         2    ###....
 Call Imp                 Summ           #.......     97%         2    ###....
 Ensorcelled Hibernation  Hex/Ice        #.....       97%         2    ###....
 Passwall                 Tmut/Erth      #.......     97%         2    ###....
 Poisonous Vapours        Pois/Air       #.....       97%         2    ###....
 Shroud of Golubria       Chrm/Tloc      #.....       97%         2    ###....
 Slow                     Hex            #.......     97%         2    ###....
 Sticks to Snakes         Tmut           #.......     97%         2    ###....
 Sublimation of Blood     Necr           #.........   97%         2    ###....
 Swiftness                Chrm/Air       #.......     97%         2    ###....
 Throw Flame              Conj/Fire      #.....       97%         2    ###....
 Throw Frost              Conj/Ice       #.....       97%         2    ###....
 Confuse                  Hex            #.......     100%        3    ####...
 Conjure Flame            Conj/Fire      #.......     100%        3    ####...
 Gell's Gravitas          Tloc           #.........   100%        3    ####...
 Inner Flame              Hex/Fire       #.......     100%        3    ####...
 Lesser Beckoning         Tloc           #.........   100%        3    ####...
 Mephitic Cloud           Conj/Pois/Air  #.......     100%        3    ####...
 Portal Projectile        Hex/Tloc       #.....       100%        3    ####...
 Recall                   Summ/Tloc      N/A          100%        3    ####...
 Regeneration             Chrm/Necr      #.........   100%        3    ####...
 Spectral Weapon          Hex/Chrm       #.......     100%        3    ####...
 Spider Form              Tmut/Pois      #.........   100%        3    ####...
 Static Discharge         Conj/Air       #.......     100%        3    ####...
 Stone Arrow              Conj/Erth      #.....       100%        3    ####...
 Summon Guardian Golem    Hex/Summ       #.......     100%        3    ####...
 Teleport Other           Tloc           #.......     100%        3    ####...
 Vampiric Draining        Necr           #.........   100%        3    ####...
 Airstrike                Air            #.........   100%        4    #####..
 Animate Dead             Necr           N/A          100%        4    #####..
 Cause Fear               Hex            #.........   100%        4    #####..
 Force Lance              Conj/Tloc      #.......     100%        4    #####..
 Fulminant Prism          Conj/Hex       #.........   100%        4    #####..
 Ice Form                 Ice/Tmut       #.......     100%        4    #####..
 Leda's Liquefaction      Hex/Erth       #.........   100%        4    #####..
 Olgreb's Toxic Radiance  Pois           #.......     100%        4    #####..
 Petrify                  Tmut/Erth      #.......     100%        4    #####..
 Sticky Flame             Conj/Fire      #.......     100%        4    #####..
 Summon Lightning Spire   Summ/Air       #.......     100%        4    #####..
 Throw Icicle             Conj/Ice       #.......     100%        4    #####..
 Aura of Abjuration       Summ           #.........   100%        5    ######.
 Blade Hands              Tmut           #.........   100%        5    ######.
 Bolt of Draining         Conj/Necr      #.........   100%        5    ######.
 Bolt of Magma            Conj/Fire/Erth #.........   100%        5    ######.
 Borgnjor's Vile Clutch   Necr/Erth      #.........   100%        5    ######.
 Dispel Undead            Necr           #.......     100%        5    ######.
 Excruciating Wounds      Chrm/Necr      #.........   100%        5    ######.
 Fireball                 Conj/Fire      #.........   100%        5    ######.
 Iskenderun's Battlesphe  Conj/Chrm      #.......     100%        5    ######.
 Lee's Rapid Deconstruct  Erth           #.........   100%        5    ######.
 Lightning Bolt           Conj/Air       #.........   100%        5    ######.
 Metabolic Englaciation   Hex/Ice        #.........   100%        5    ######.
 Silence                  Hex/Air        #.........   100%        5    ######.
 Summon Demon             Summ           #.........   100%        5    ######.
 Summon Forest            Summ/Tloc      #.........   100%        5    ######.
 Summon Mana Viper        Hex/Summ       #.......     100%        5    ######.
 Venom Bolt               Conj/Pois      #.........   100%        5    ######.
 Yara's Violent Unravell  Hex/Tmut       #.........   100%        5    ######.
 Bolt of Cold             Conj/Ice       #.........   100%        6    #######
 Bolt of Fire             Conj/Fire      #.........   100%        6    #######
 Conjure Ball Lightning   Conj/Air       #.........   100%        6    #######
 Death Channel            Necr           #.........   100%        6    #######
 Deflect Missiles         Chrm/Air       #.........   100%        6    #######
 Dispersal                Tloc           #.........   100%        6    #######
 Freezing Cloud           Conj/Ice/Air   #.........   100%        6    #######
 Invisibility             Hex            #.......     100%        6    #######
 Iron Shot                Conj/Erth      #.........   100%        6    #######
 Ozocubu's Refrigeration  Ice            #.........   100%        6    #######
 Shadow Creatures         Summ           N/A          100%        6    #######
 Simulacrum               Ice/Necr       #.........   100%        6    #######
 Statue Form              Tmut/Erth      #........    100%        6    #######
 Dragon Form              Tmut           #.........   100%        7    #######
 Malign Gateway           Summ/Tloc      #.........   100%        7    #######
 Orb of Destruction       Conj           #.........   100%        7    #######
 Spellforged Servitor     Conj/Summ      #.........   100%        7    #######
 Controlled Blink         Tloc           N/A          100%        8    #######
 Discord                  Hex            #.........   100%        8    #######
 Disjunction              Tloc           #.........   100%        8    #######
 Dragon's Call            Summ           #.........   100%        9    #######
 Shatter                  Erth           #.........   100%        9    #######
 Tornado                  Air            #.........   100%        9    #######
 Passage of Golubria      Tloc           Unusable     N/A         4    N/A

Dungeon Overview and Level Annotations

Branches:
Dungeon (15/15)            Temple (1/1) D:4            Lair (6/6) D:11
  Swamp (4/4) Lair:3       Spider (4/4) Lair:4        Slime (5/5) Lair:6
    Orc (2/2) D:11            Elf (3/3) Orc:2        Vaults (5/5) D:14
  Crypt (3/3) Vaults:3       Tomb (0/3) Crypt:3      Depths (5/5) D:15
    Zot (5/5) Depths:5     Bailey (visited)

Altars:
Ashenzari
Cheibriados
Dithmenos
Elyvilon
Fedhas
Gozag
Hepliaklqana
Kikubaaqudgha
Makhleb
Nemelex Xobeh
Okawaru
Qazlal
Ru
Sif Muna
Trog
Uskayaw
Vehumet
Wu Jian
Xom
Yredelemnul
Zin
The Shining One
Beogh

Shops:
D:8 !   Orc:2 ::*[*[(:   Depths:1 [=

Portals:
Hell: Depths:1 Depths:2 Depths:3 Depths:4 Depths:5
Abyss: Depths:4
Pandemonium: Depths:3


Innate Abilities, Weirdness & Mutations

You reflexively headbutt those who attack you in melee.
You have a pair of horns on your head.
You have sharp fingernails.
You are partially covered in large bone plates. (SH +4)
Scrolls take you longer to read.
Your body sometimes deteriorates upon taking damage.
You are very dopey. (Int -4)
You are resistant to hostile enchantments. (MR+)
Your natural rate of healing is unusually fast.
You occasionally shout uncontrollably at your foes.


Message History

You headbutt the Orb Guardian.
The Orb Guardian is heavily wounded.
The Orb Guardian misses you.
You cut the Orb Guardian into ribbons!!!!
You kill the Orb Guardian!
Makhleb accepts your kill.
No target in view!
Evoke which item? (* to show all) (? for menu, Esc to quit)
Aiming: Dig
Press: ? - help, Shift-Dir - straight line This square is covered in magical glow.
The rock shatters into small pieces.
Evoke which item? (* to show all) (? for menu, Esc to quit)
Aiming: Dig
Press: ? - help, Shift-Dir - straight line A rock wall.
This square is covered in magical glow.
The rock shatters into small pieces.
There is a staircase leading out of the dungeon here.
You have escaped!

.###.#...........# #.#.
..##.#.######....# #.#.
#.##.#...........# #.#.
#..#.#.#########.#############.#.
##.#.#......................##.#.
#...#...####......#####.......##
###..#..#....###........#..###.##
..#..##..##......#....##...# #.##
..#..###...#..#.@....#...### #.##
.......####.#.#..####..#### #.##
..#.>.....#...#.......#...# #.##
..#######.###.#...#.###.#.# #.##
........#.# #.#...#.#.....# #.##
###.....#.# #..#.#..#.#.### #.##
#.....###.# ##..#..##.#.# #.##
#.....# #.# ##...###.#.# #.##
#.....# #.# ##.####.#.# #...


There were no monsters in sight!

Vanquished Creatures
  the Royal Jelly (Slime:5)
  Dissolution (Slime:2)
  12 ancient liches
  4 pandemonium lords
  4 orbs of fire (Zot:5)
  Mara (Crypt:1)
  Mennas (Crypt:3)
  Sojobo (Vaults:5)
  The ghost of Roocroe the Impregnable, a veteran MiGl of Hepliaklqana (Crypt:1)
  Bai Suzhen (Spider:4)
  4 caustic shrikes
  3 Killer Klowns
  3 curse toes
  Xtahua (Crypt:2)
  12 golden dragons
  the Enchantress (Depths:2)
  Nikola (Spider:4)
  Arachne (Spider:4)
  A Tzitzimitl (Depths:2)
  An electric golem (Zot:1)
  A Brimstone Fiend (Zot:1)
  Jorgrun (D:12)
  8 liches
  13 tentacled monstrosities
  2 Ice Fiends
  4 titans
  8 quicksilver dragons
  28 Orb Guardians
  Rupert (Lair:5)
  3 deep elf blademasters
  An eldritch tentacle (Depths:2)
  33 acid blobs
  2 Executioners
  9 death cobs
  2 deep elf master archers (Elf:3)
  Frances (Spider:2)
  8 sphinxes
  The ghost of Barug the Brawler, an adept TrMo of Nemelex Xobeh (Depths:2)
  6 ancient champions
  Agnes (D:14)
  Kirke (D:12)
  7 tengu reavers
  17 storm dragons
  11 shadow dragons
  Donald (Swamp:3)
  12 draconian monks
  4 revenants
  29 azure jellies
  9 draconian scorchers
  A blood saint (D:1)
  11 fire giants
  3 balrugs
  3 draconian knights
  A deep elf sorcerer (Elf:3)
  16 vault wardens
  15 ghost moths
  3 orc warlords
  11 frost giants
  2 cacodemons
  Aizul (Vaults:2)
  A caustic shrike zombie (Depths:3)
  7 emperor scorpions
  3 iron dragons
  3 curse skulls
  8 ghouls
  A warmonger (Zig:6)
  5 spriggan defenders
  Louise (Swamp:4)
  12 ironheart preservers
  5 draconian shifters
  10 draconian annihilators
  6 draconian stormcallers
  10 deep elf elementalists
  A caustic shrike skeleton (Crypt:3)
  26 very ugly things
  3 juggernaut skeletons
  9 vampire knights
  8 entropy weavers
  10 deep elf demonologists
  24 stone giants
  14 black draconians
  A corrupter (Zig:6)
  12 green draconians
  3 dire elephants (Lair:6)
  Azrael (D:13)
  11 yellow draconians
  9 deep elf annihilators
  17 purple draconians
  13 white draconians
  16 red draconians
  A spark wasp (shapeshifter) (Vaults:5)
  10 spark wasps
  2 lorocyprocas
  9 deep elf death magi
  A crystal guardian (Vaults:3)
  14 ettins
  5 eidola
  19 death oozes
  2 green deaths
  A mummy priest (Zig:3)
  10 great orbs of eyes
  3 merfolk impalers (Depths:2)
  11 jiangshi
  18 ice dragons
  17 fire dragons
  7 deep elf high priests
  21 yaktaur captains
  5 rakshasas
  20 hydras
  35 vault guards
  3 shambling mangroves
  10 spriggan air magi
  A ghost crab (Swamp:3)
  An anaconda (shapeshifter) (Depths:3)
  4 death knights
  12 centaur warriors
  11 ogre magi
  6 tengu warriors
  A catoblepas (D:15)
  An anaconda (Lair:6)
  27 dancing weapons
  13 alligators
  7 deep troll shamans
  5 vampire magi
  32 two-headed ogres
  A queen ant (Spider:2)
  5 orc high priests
  8 death yaks
  A titan zombie (Crypt:1)
  14 deep troll earth magi
  A spectral storm dragon (Crypt:3)
  11 spriggan berserkers
  4 soul eaters
  3 sun demons
  14 shadow wraiths
  25 deep elf knights
  2 fire crabs (shapeshifter)
  36 skeletal warriors
  4 iron trolls (Depths:3)
  2 hell knights (Depths:4)
  A sixfirhy (D:2)
  5 small abominations
  A torturous demonspawn (Depths:3)
  An infernal demonspawn (D:1)
  6 flayed ghosts
  A spriggan druid (Swamp:4)
  A ghost moth zombie (Crypt:1)
  20 deep trolls
  4 shadow demons
  3 unseen horrors
  7 wizards
  2 gelid demonspawn (D:1)
  A swamp dragon (shapeshifter) (Depths:5)
  9 swamp dragons
  15 deep elf archers
  A harpy (Vaults:3)
  9 glowing orange brains
  A harpy (shapeshifter) (Depths:1)
  An orb spider (shapeshifter) (Depths:4)
  14 ironbrand convokers
  18 orc knights
  An orange crystal statue (Depths:2)
  4 necromancers
  24 phantasmal warriors
  18 orb spiders
  A wolf spider zombie (D:13)
  A mana viper (shapeshifter) (Depths:2)
  A shining eye (shapeshifter) (Vaults:4)
  55 ugly things
  A faun (shapeshifter) (Depths:2)
  29 wolf spiders
  3 manticores
  8 orc sorcerers
  A shadow dragon skeleton (Crypt:1)
  6 cyclopes
  A sphinx skeleton (Crypt:3)
  57 deep elf magi
  9 shining eyes
  9 elephants
  A water nymph (shapeshifter) (Depths:4)
  22 moths of wrath
  3 black mambas
  A rust devil (Spider:3)
  3 guardian serpents
  2 smoke demons
  A frost giant skeleton (Depths:3)
  An eye of devastation (shapeshifter) (D:15)
  3 eyes of devastation (Slime:5)
  A spriggan zombie (Depths:3)
  3 gargoyles
  16 vault sentinels
  An alligator snapping turtle zombie (Crypt:1)
  5 orange demons
  5 torpor snails
  A rime drake (Lair:6)
  A pale draconian zombie (Crypt:1)
  18 spiny frogs
  18 freezing wraiths
  9 komodo dragons
  A komodo dragon (shapeshifter) (Depths:4)
  3 tengu conjurers
  53 yaktaurs
  2 ice devils
  A green draconian skeleton (Crypt:2)
  A redback zombie (D:15)
  2 hellwings (Depths:5)
  A kobold demonologist (D:14)
  5 red devils
  13 demonic crawlers
  A death yak skeleton (Crypt:3)
  27 jumping spiders
  12 trolls
  A polar bear (shapeshifter) (Depths:1)
  A sea snake skeleton (Crypt:2)
  7 tyrant leeches
  18 hornets
  A harpy skeleton (D:14)
  A polar bear (Lair:5)
  15 bog bodies
  A deep troll zombie (Zig:3)
  87 slime creatures
  4 blink frogs (Lair:6)
  Grinder (D:4)
  2 fire dragon zombies (Crypt:1)
  A meliai zombie (D:10)
  4 large abominations
  A dream sheep (Lair:4)
  A raiju (shapeshifter) (Depths:1)
  3 hippogriffs
  A spectral black mamba (Crypt:3)
  2 hydra skeletons
  2 frost giant simulacra (Vaults:2)
  11 flying skulls
  2 centaur simulacra
  Sigmund (D:6)
  16 wraiths
  A tarantella (shapeshifter) (Elf:2)
  9 water elementals
  25 yaks
  71 redbacks
  3 spriggans (shapeshifter)
  7 spriggans
  3 air elementals
  12 shadows
  A yak (shapeshifter) (Elf:3)
  A wyvern (Lair:2)
  A tyrant leech zombie (Crypt:1)
  35 tarantellas
  4 golden eyes
  7 fire elementals
  5 hungry ghosts
  4 basilisks
  6 hogs (D:12)
  15 vampire mosquitoes
  A neqoxec (Zot:1)
  Menkaure (D:6)
  A steam dragon (D:12)
  2 wargs (shapeshifter)
  26 soldier ants
  14 insubstantial wisps
  16 swamp worms
  A two-headed ogre zombie (Crypt:2)
  5 wargs
  A swamp worm (shapeshifter) (Vaults:5)
  4 hell hounds (D:13)
  7 acid dragons
  A water moccasin (shapeshifter) (Depths:3)
  Duvessa (D:5)
  11 water moccasins
  9 porcupines
  14 swamp drakes
  A floating eye (Depths:4)
  4 ice beasts
  5 sky beasts
  6 eyes of draining
  A lindwurm zombie (Crypt:3)
  59 orc warriors
  38 ogres
  A spiny frog skeleton (Crypt:1)
  An ogre (shapeshifter) (Vaults:2)
  2 phantoms
  9 black bears
  A black bear (shapeshifter) (Elf:2)
  13 boggarts
  10 necrophages
  31 centaurs
  13 wolves
  A crocodile (shapeshifter) (Vaults:5)
  6 crocodiles
  3 elf zombies (Elf:1)
  A rime drake skeleton (Crypt:3)
  A gnoll sergeant (D:8)
  28 bullfrogs
  An octopode zombie (Crypt:2)
  An earth elemental (Elf:1)
  A salamander skeleton (Crypt:3)
  A wyvern zombie (D:13)
  4 scorpions
  A wyvern skeleton (D:11)
  Dowan (D:5)
  A scorpion (shapeshifter) (Depths:3)
  A spectral ogre (Crypt:3)
  6 killer bees
  20 wights
  5 electric eels
  6 howler monkeys
  3 centaur zombies
  4 crimson imps
  5 quasits
  2 bullfrog zombies
  5 hounds
  7 jellies
  38 orc wizards
  34 orc priests
  2 bullfrog skeletons
  7 centaur skeletons
  A human skeleton (Crypt:3)
  3 iguanas
  30 worker ants
  A sky beast zombie (Crypt:1)
  2 acid dragon skeletons
  2 hound zombies
  A hound skeleton (D:5)
  12 mummies
  A worker ant zombie (Crypt:1)
  A howler monkey zombie (D:8)
  Robin (D:2)
  13 gnolls
  10 adders
  4 shadow imps
  2 white imps (Depths:3)
  3 ufetubi (Depths:3)
  2 oozes (Lair:6)
  An adder zombie (Crypt:2)
  A halfling skeleton (Crypt:3)
  An adder skeleton (D:6)
  4 worms (D:8)
  3 dart slugs
  2 leopard geckos
  A leopard gecko (shapeshifter) (Vaults:5)
  115 orcs
  A ball python (D:2)
  5 giant cockroaches
  18 goblins
  7 hobgoblins
  15 jackals
  2 quokkas
  3 bats
  2 frilled lizards (D:2)
  3 goblin skeletons (D:5)
  A hobgoblin zombie (D:5)
  A jackal skeleton (D:4)
  8 kobolds
  A kobold skeleton (Crypt:2)
  A kobold zombie (D:5)
  3 orc skeletons (D:5)
  3 orc zombies
  A quokka skeleton (D:5)
  8 rats
  A rat skeleton (Crypt:2)
  A rat zombie (Crypt:1)
  9 crawling corpses
  6 fungi
  13 plants
2889 creatures vanquished.

Vanquished Creatures (collateral kills)
  A meliai (Spider:3)
  A redback (Spider:3)
2 creatures vanquished.

Vanquished Creatures (others)
  An electric golem (Zot:5)
  A ghost moth (Zig:5)
  A deep elf knight (Depths:4)
  A deep elf mage (Vaults:5)
  3 redbacks (Spider:4)
  2 tarantellas (Spider:2)
  A human (shapeshifter) (Depths:4)
  An acid dragon (shapeshifter) (Vaults:5)
  An orc (Vaults:5)
  2 crawling corpses (Vaults:5)
  43 fungi
  20 plants
77 creatures vanquished.

Grand Total: 2968 creatures vanquished

Notes
Turn   | Place    | Note
-------+----------+-------------------------------------------
     0 | D:1      | MTVSty1e the Minotaur Gladiator began the quest for the
                  | Orb.
     0 | D:1      | Reached XP level 1. HP: 18/18 MP: 0/0
  1078 | D:2      | Noticed Robin
  1080 | D:2      | Reached XP level 2. HP: 25/25 MP: 1/1
  1096 | D:2      | Killed Robin
  1096 | D:2      | Reached skill level 5 in Axes
  1096 | D:2      | Reached XP level 3. HP: 25/30 MP: 2/2
  1421 | D:2      | Found a snail-covered altar of Cheibriados.
  2138 | D:3      | Reached XP level 4. HP: 31/37 MP: 3/3
  2273 | D:4      | Noticed Grinder
  2275 | D:4      | Gained mutation: You are clumsy. (Dex -2) [potion of
                  | mutation]
  2275 | D:4      | Gained mutation: You are dopey. (Int -2) [potion of
                  | mutation]
  2275 | D:4      | Gained mutation: You expend magic power (3 MP) to
                  | strengthen your wands. [potion of mutation]
  2277 | D:4      | Reached XP level 5. HP: 33/42 MP: 4/4
  2283 | D:4      | Killed Grinder
  2283 | D:4      | Reached XP level 6. HP: 24/50 MP: 5/5
  2591 | D:4      | Found a shimmering blue altar of Sif Muna.
  2949 | D:4      | Found a staircase to the Ecumenical Temple.
  2963 | Temple   | Entered the Ecumenical Temple
  3035 | Temple   | Became a worshipper of Makhleb the Destroyer
  3589 | D:5      | Entered Level 5 of the Dungeon
  3622 | D:5      | Noticed Duvessa
  3624 | D:5      | Noticed Dowan
  3630 | D:5      | Reached skill level 1 in Armour
  3632 | D:5      | Reached XP level 7. HP: 28/56 MP: 6/6
  3657 | D:5      | Killed Dowan
  3812 | D:5      | Found the +4 dagger "Morg" {pain, MR+ Int+5}
  3885 | D:5      | Killed Duvessa
  4157 | D:5      | Found a glowing golden altar of the Shining One.
  4203 | D:5      | Found a white marble altar of Elyvilon.
  4458 | D:6      | Found an opulent altar of Gozag.
  4544 | D:6      | Reached XP level 8. HP: 54/66 MP: 7/7
  4546 | D:6      | Reached * piety under Makhleb
  4600 | D:6      | Reached skill level 15 in Axes
  4718 | D:6      | Noticed Menkaure
  4727 | D:6      | Killed Menkaure
  4768 | D:6      | Found a hazy altar of Hepliaklqana.
  4836 | D:6      | Noticed Sigmund
  4843 | D:6      | Killed Sigmund
  4860 | D:6      | Found a shadowy altar of Dithmenos.
  4980 | D:6      | Found a glowing silver altar of Zin.
  5250 | D:7      | Found a sparkling altar of Nemelex Xobeh.
  5620 | D:7      | Found a sacrificial altar of Ru.
  5654 | D:7      | Found an iron altar of Okawaru.
  5727 | D:7      | You fall into a shaft and drop 2 floors!
  5743 | D:9      | Reached skill level 5 in Fighting
  5795 | D:9      | Reached XP level 9. HP: 74/74 MP: 8/8
  6550 | D:8      | Reached ** piety under Makhleb
  6585 | D:8      | Identified a scroll of acquirement
  6647 | D:8      | Noticed a two-headed ogre
  6654 | D:8      | Killed a two-headed ogre
  6654 | D:8      | Reached skill level 5 in Armour
  7172 | D:8      | Found Xaewn's Distillery.
  7175 | D:8      | Bought a potion of haste for 130 gold pieces
  7175 | D:8      | Bought a potion of haste for 130 gold pieces
  7175 | D:8      | Bought a potion of heal wounds for 65 gold pieces
  7175 | D:8      | Bought a potion of heal wounds for 65 gold pieces
  7254 | D:8      | Noticed a moth of wrath
  7257 | D:8      | Found a bloodstained altar of Trog.
  7378 | D:9      | Reached XP level 10. HP: 84/84 MP: 9/9
  7503 | D:9      | Reached *** piety under Makhleb
  7650 | D:9      | Found an ancient bone altar of Kikubaaqudgha.
  7874 | D:10     | Entered Level 10 of the Dungeon
  8496 | D:10     | Noticed a two-headed ogre
  8503 | D:10     | Killed a two-headed ogre
  8557 | D:10     | Noticed a four-headed hydra
  8612 | D:10     | Killed a five-headed hydra
  8747 | D:10     | Reached XP level 11. HP: 92/94 MP: 10/10
  8975 | D:11     | Noticed an unseen horror
  8984 | D:11     | Killed an unseen horror
  9003 | D:11     | Reached **** piety under Makhleb
  9004 | D:11     | Found a staircase to the Orcish Mines.
  9614 | D:8      | Bought a potion of mutation for 104 gold pieces
  9614 | D:8      | Lost mutation: You are dopey. (Int -2) [potion of mutation]
  9614 | D:8      | Lost mutation: You are clumsy. (Dex -2) [potion of
                  | mutation]
  9614 | D:8      | Lost mutation: You expend magic power (3 MP) to strengthen
                  | your wands. [potion of mutation]
  9614 | D:8      | Gained mutation: You are resistant to hostile enchantments.
                  | (MR+) [potion of mutation]
  9614 | D:8      | Gained mutation: You expend magic power (3 MP) to
                  | strengthen your wands. [potion of mutation]
  9859 | D:11     | Noticed an unseen horror
  9864 | D:11     | Noticed a five-headed hydra
  9866 | D:11     | Killed an unseen horror
  9879 | D:11     | Killed a six-headed hydra
  9904 | D:11     | Found a staircase to the Lair.
 10338 | Orc:1    | Entered Level 1 of the Orcish Mines
 10457 | D:12     | Noticed Kirke
 10488 | D:12     | Found a flagged portal.
 10505 | D:12     | Killed Kirke
 10505 | D:12     | Reached skill level 10 in Fighting
 10505 | D:12     | Reached XP level 12. HP: 86/106 MP: 11/11
 10518 | Bailey   | Entered a bailey
 10523 | Bailey   | Noticed an orc warlord
 10606 | Bailey   | Found a runed translucent gate.
 10608 | Bailey   | Found a runed translucent gate.
 10611 | Bailey   | Found a runed translucent gate.
 10623 | Bailey   | Reached ***** piety under Makhleb
 10680 | Bailey   | Killed an orc warlord
 10680 | Bailey   | Reached skill level 10 in Armour
 10745 | Bailey   | Got a fine lead ring
 10746 | Bailey   | Identified the ring of Hiesiqab {*Corrode *Drain rN+++
                  | Str+4 Slay+5} (You acquired it in a bailey)
 10883 | D:12     | Noticed Jorgrun
 10899 | D:12     | Killed Jorgrun
 11115 | D:12     | Found a roughly hewn altar of Beogh.
 11614 | Lair:1   | Entered Level 1 of the Lair of Beasts
 12062 | Lair:1   | Reached skill level 1 in Invocations
 12096 | Lair:1   | Reached XP level 13. HP: 116/116 MP: 12/12
 12594 | Lair:2   | Found a hide-covered altar of Uskayaw.
 13348 | Lair:3   | Found an opulent altar of Gozag.
 13589 | Lair:3   | Found a staircase to the Swamp.
 13835 | Lair:4   | Found a hole to the Spider Nest.
 13903 | Lair:4   | Noticed Nessos
 13917 | Lair:4   | Noticed Nessos
 13917 | Lair:4   | Nessos changed into Nessos the dream sheep
 13921 | Lair:4   | Killed Nessos the dream sheep
 14733 | Lair:5   | Reached ****** piety under Makhleb
 14832 | Lair:5   | Noticed Rupert
 14843 | Lair:5   | Killed Rupert
 15102 | Lair:5   | Reached skill level 5 in Invocations
 15102 | Lair:5   | Reached XP level 14. HP: 127/127 MP: 16/16
 15531 | Lair:6   | Entered Level 6 of the Lair of Beasts
 15533 | Lair:6   | Found a staircase to the Slime Pits.
 17029 | D:13     | Noticed Azrael
 17043 | D:13     | Killed Azrael
 17565 | D:13     | Got a scorched ring mail
 17734 | D:14     | Noticed Agnes
 17753 | D:14     | Killed Agnes
 18519 | D:14     | Found a gate to the Vaults.
 18530 | D:14     | Reached XP level 15. HP: 137/137 MP: 19/19
 18590 | D:14     | You fall into a shaft and drop 1 floor!
 18590 | D:15     | Entered Level 15 of the Dungeon
 18597 | D:15     | Identified the Grimoire of the Frigorific Traveller
 18728 | D:15     | Found a staircase to the Depths.
 19770 | Orc:1    | Found a roughly hewn altar of Beogh.
 20340 | Orc:2    | Entered Level 2 of the Orcish Mines
 20344 | Orc:2    | Found Todibuer's Antique Armour Boutique.
 20358 | Orc:2    | Bought a pair of embroidered boots for 172 gold pieces
 20411 | Orc:2    | Found a roughly hewn altar of Beogh.
 20445 | Orc:2    | Found a staircase to the Elven Halls.
 20508 | Orc:2    | Found Ysujio's Book Boutique.
 20543 | Orc:2    | Found a burning altar of Makhleb.
 20602 | Orc:2    | Found Nougremp's Antique Armour Shop.
 20786 | Orc:2    | Found Miest's Assorted Antiques.
 20814 | Orc:2    | Noticed an orc warlord
 20860 | Orc:2    | Killed an orc warlord
 21102 | Orc:2    | Found Asaol's General Store.
 21103 | Orc:2    | Found Gesoink's Book Shop.
 21109 | Orc:2    | Found Dacwuer's Antique Armour Boutique.
 21109 | Orc:2    | Found Qeasie's Antique Weapon Boutique.
 21255 | Orc:2    | Found Caurotz's Book Shop.
 21518 | Depths:1 | Entered Level 1 of the Depths
 21742 | Spider:1 | Entered Level 1 of the Spider Nest
 21887 | Spider:1 | Noticed a ghost moth
 21893 | Spider:1 | Noticed a ghost moth
 21906 | Spider:1 | Killed a ghost moth
 21907 | Spider:1 | Killed a ghost moth
 22048 | Spider:1 | Reached XP level 16. HP: 147/147 MP: 21/21
 23079 | Spider:2 | Reached skill level 15 in Fighting
 23310 | Spider:2 | Reached skill level 15 in Armour
 24018 | Spider:2 | Noticed Frances
 24026 | Spider:2 | Killed Frances
 24083 | Spider:2 | Identified the +2 ring mail of Ymit {Dex+3} (You found it
                  | on level 13 of the Dungeon)
 24500 | Spider:3 | Reached skill level 10 in Invocations
 24640 | Spider:3 | Paralysed by a hornet for 2 turns
 25029 | Spider:4 | Entered Level 4 of the Spider Nest
 25029 | Spider:4 | Noticed Bai Suzhen
 25046 | Spider:4 | Killed Bai Suzhen
 25048 | Spider:4 | Noticed Arachne
 25048 | Spider:4 | Noticed Nikola
 25226 | Spider:4 | Killed Arachne
 25241 | Spider:4 | Reached XP level 17. HP: 133/153 MP: 23/23
 25670 | Spider:4 | Killed Nikola
 26286 | Spider:4 | Got a gossamer rune of Zot
 26869 | Swamp:1  | Entered Level 1 of the Swamp
 27042 | Swamp:1  | Paralysed by a hornet for 1 turns
 27887 | Swamp:2  | You fall into a shaft and drop 1 floor!
 29515 | Swamp:3  | Noticed Donald
 29531 | Swamp:3  | Killed Donald
 29658 | Swamp:3  | Found the amulet of Vitality {Regen+ HP+15}
 30344 | Swamp:4  | Entered Level 4 of the Swamp
 30574 | Swamp:4  | Reached XP level 18. HP: 168/168 MP: 25/25
 30775 | Swamp:4  | Got a decaying rune of Zot
 30993 | Swamp:4  | Noticed Louise
 31032 | Swamp:4  | Killed Louise
 31761 | Vaults:1 | Entered Level 1 of the Vaults
 32520 | Vaults:1 | Noticed a lich
 32528 | Vaults:1 | Killed a lich
 33473 | Vaults:2 | Got a pair of jewelled gloves
 33484 | Vaults:2 | Identified the +2 pair of gloves of Least Resistance {rF+
                  | rN+ Str-3 Slay+2} (You acquired it on level 2 of the
                  | Vaults)
 33814 | Vaults:2 | Noticed Aizul
 33833 | Vaults:2 | Killed Aizul
 33946 | Vaults:2 | Reached XP level 19. HP: 178/178 MP: 27/27
 35358 | Vaults:3 | You fall into a shaft and drop 1 floor!
 35478 | Vaults:4 | Found a shadowy altar of Dithmenos.
 36254 | Vaults:3 | Found a staircase to the Crypt.
 36623 | Vaults:4 | Reached XP level 20. HP: 189/189 MP: 29/29
 36641 | Vaults:4 | Reached skill level 27 in Axes
 37603 | Vaults:4 | Got a pitted brass ring
 37928 | Vaults:4 | Identified the ring of Helil {+Fly AC+2} (You found it on
                  | level 4 of the Vaults)
 38321 | Elf:1    | Entered Level 1 of the Elven Halls
 38902 | Elf:1    | Identified the Reference Book on Evil
 39477 | Elf:2    | Reached XP level 21. HP: 201/201 MP: 31/31
 39689 | Elf:2    | Found a runed translucent gate.
 39691 | Elf:2    | Found a runed translucent gate.
 39694 | Elf:2    | Found a runed translucent gate.
 40273 | Elf:2    | Reached skill level 15 in Invocations
 40626 | Elf:3    | Entered Level 3 of the Elven Halls
 40721 | Elf:3    | Found an ancient bone altar of Kikubaaqudgha.
 40875 | Elf:3    | Reached XP level 22. HP: 211/211 MP: 32/32
 41145 | Elf:3    | Found the ring of Robustness {AC+8}
 41173 | Elf:3    | Identified the ring of Jitynnam {Ice rN+ MP+9 Int+4}
 41217 | Elf:3    | Got a brightly glowing zirconium amulet
 41218 | Elf:3    | Identified the amulet "Yhenguty" {RegenMP rPois MR+} (You
                  | found it on level 3 of the Elven Halls)
 41231 | Elf:3    | Identified the Collected Works on Glacial Malediction
 41234 | Elf:3    | Got a vibrating platinum amulet
 41235 | Elf:3    | Identified the amulet of Secrets {+Rage Int+6 Dex+8} (You
                  | found it on level 3 of the Elven Halls)
 41398 | Elf:3    | Identified Iceir's Handbook of Icy Lightness
 41514 | Elf:3    | Identified the +8 executioner's axe of Xeulli {protect,
                  | rElec Str+5 Dex-5} (You found it on level 3 of the Elven
                  | Halls)
 41756 | Elf:3    | Found a radiant altar of Vehumet.
 42161 | Depths:1 | Found Piecir's Armour Emporium.
 42161 | Depths:1 | Found Waaxki Paol's Jewellery Shoppe.
 42188 | Depths:1 | Bought the ring of Etsugrav {MR+ Int+2 Dex+4 Stlth+} for
                  | 626 gold pieces
 42671 | Depths:1 | Identified the Handbook of Bewitchment
 42742 | Depths:1 | Found a gateway to Hell.
 43253 | Depths:2 | Reached skill level 5 in Dodging
 43485 | Depths:2 | Found a runed translucent door.
 43485 | Depths:2 | Noticed Barug's ghost (adept TrMo)
 43540 | Depths:2 | Killed Barug's ghost
 43810 | Depths:2 | Reached XP level 23. HP: 224/224 MP: 34/34
 44756 | Depths:2 | Identified the amulet of Wenoipu {Acrobat MR+ Int+2 Dex+2}
 44759 | Depths:2 | Noticed the Enchantress
 44770 | Depths:2 | Noticed a caustic shrike
 45335 | Depths:2 | Killed the Enchantress
 45410 | Depths:2 | Noticed a caustic shrike
 45423 | Depths:2 | Killed a caustic shrike
 45428 | Depths:2 | Killed a caustic shrike
 46327 | Depths:3 | Found a one-way gate leading to the halls of Pandemonium.
 46543 | Depths:3 | Reached XP level 24. HP: 237/237 MP: 34/34
 47360 | Depths:4 | Paralysed by a floating eye for 4 turns
 47405 | Depths:4 | Reached skill level 10 in Dodging
 47606 | Depths:4 | Found a one-way gate to the infinite horrors of the Abyss.
 48199 | Depths:4 | Found the +8 demon blade "Bloodbane" {slice, *Rage +Rage
                  | Stlth-}
 48381 | Depths:5 | Entered Level 5 of the Depths
 48568 | Depths:5 | Found a gateway to a ziggurat.
 48596 | Depths:5 | Reached XP level 25. HP: 250/250 MP: 34/34
 48655 | Depths:5 | Found a gate to the Realm of Zot.
 49274 | Vaults:5 | Entered Level 5 of the Vaults
 49773 | Vaults:5 | Identified the amulet of a Billion Gods {+Rage rElec Dex+3}
 49820 | Vaults:5 | Noticed Sojobo
 49870 | Vaults:5 | Killed Sojobo
 49988 | Vaults:5 | Got a silver rune of Zot
 50083 | Vaults:5 | Identified Ziqiheir's Almanac of Augmentations
 50598 | Crypt:1  | Entered Level 1 of the Crypt
 50700 | Crypt:1  | Reached XP level 26. HP: 264/264 MP: 35/35
 50746 | Crypt:1  | Noticed Mara
 50751 | Crypt:1  | Noticed MTVSty1e's illusion
 50765 | Crypt:1  | Killed Mara
 51171 | Crypt:1  | Found a runed translucent gate.
 51171 | Crypt:1  | Found a runed translucent gate.
 51171 | Crypt:1  | Found a runed translucent gate.
 51172 | Crypt:1  | Found an ancient bone altar of Kikubaaqudgha.
 51172 | Crypt:1  | Noticed Roocroe's ghost (veteran MiGl)
 51172 | Crypt:1  | Noticed an ancient lich
 51173 | Crypt:1  | Noticed an ancient lich
 51173 | Crypt:1  | Noticed an ancient lich
 51184 | Crypt:1  | Killed an ancient lich
 51184 | Crypt:1  | Reached skill level 27 in Fighting
 51186 | Crypt:1  | Killed an ancient lich
 51191 | Crypt:1  | Killed an ancient lich
 51206 | Crypt:1  | Killed Roocroe's ghost
 51211 | Crypt:1  | Got a warped iron amulet
 51212 | Crypt:1  | Identified the amulet "Loyphig" {Faith rF+ Stlth+} (You
                  | found it on level 1 of the Crypt)
 51349 | Crypt:1  | Identified the +1 pair of boots "Kebalasm" {Str+4} (You
                  | found it on level 1 of the Crypt)
 51364 | Crypt:1  | Identified Kikubaaqudgha's Almanac of Evil
 52066 | Crypt:2  | Noticed Xtahua
 52072 | Crypt:2  | Killed Xtahua
 52134 | Crypt:3  | Entered Level 3 of the Crypt
 52230 | Crypt:3  | Reached skill level 15 in Dodging
 52250 | Crypt:3  | Noticed Mennas
 52268 | Crypt:3  | Killed Mennas
 52455 | Crypt:3  | Found a basalt altar of Yredelemnul.
 52836 | Crypt:3  | Found a staircase to the Tomb.
 53117 | Crypt:3  | Reached XP level 27. HP: 273/273 MP: 36/36
 53639 | Slime:1  | Entered Level 1 of the Pits of Slime
 53692 | Slime:1  | Gained mutation: Armour fits poorly on your strangely
                  | shaped body. [a shining eye]
 54044 | Slime:2  | Noticed Dissolution
 54054 | Slime:2  | Killed Dissolution
 54121 | Slime:4  | Gained mutation: Your natural rate of healing is unusually
                  | fast. [a shining eye]
 54123 | Slime:4  | Gained mutation: Potions are less effective at restoring
                  | your health. [a shining eye]
 54357 | Slime:4  | Gained mutation: You have a beak for a mouth. [a shining
                  | eye]
 54468 | Slime:5  | Entered Level 5 of the Pits of Slime
 54501 | Slime:5  | Gained mutation: Your magical capacity is low. (-10% MP) [a
                  | shining eye]
 54503 | Slime:5  | Gained mutation: Your body sometimes deteriorates upon
                  | taking damage. [a shining eye]
 54505 | Slime:5  | Gained mutation: You occasionally shout uncontrollably at
                  | your foes. [a shining eye]
 54511 | Slime:5  | Gained mutation: You are dopey. (Int -2) [a shining eye]
 54514 | Slime:5  | Gained mutation: Your spells are a little easier to cast,
                  | but a little less powerful. [a shining eye]
 54555 | Slime:5  | Gained mutation: Scrolls take you a little longer to read.
                  | [a shining eye]
 54692 | Slime:5  | Noticed the Royal Jelly
 54937 | Slime:5  | Gained mutation: You are clumsy. (Dex -2) [a shining eye]
 54959 | Slime:5  | Gained mutation: You are very dopey. (Int -4) [a shining
                  | eye]
 54962 | Slime:5  | Gained mutation: You are occasionally teleported next to
                  | monsters. [a shining eye]
 55163 | Slime:4  | Lost mutation: Potions are less effective at restoring your
                  | health. [potion of mutation]
 55163 | Slime:4  | Lost mutation: You are clumsy. (Dex -2) [potion of
                  | mutation]
 55163 | Slime:4  | Lost mutation: Scrolls take you a little longer to read.
                  | [potion of mutation]
 55163 | Slime:4  | Lost mutation: You occasionally shout uncontrollably at
                  | your foes. [potion of mutation]
 55163 | Slime:4  | Gained mutation: You are somewhat resistant to further
                  | mutation. [potion of mutation]
 55164 | Slime:4  | Lost mutation: You are occasionally teleported next to
                  | monsters. [potion of mutation]
 55164 | Slime:4  | Lost mutation: You expend magic power (3 MP) to strengthen
                  | your wands. [potion of mutation]
 55164 | Slime:4  | Lost mutation: Your body sometimes deteriorates upon taking
                  | damage. [potion of mutation]
 55164 | Slime:4  | Gained mutation: Your muscles are strong. (Str +2) [potion
                  | of mutation]
 55803 | Slime:3  | Lost mutation: Armour fits poorly on your strangely shaped
                  | body. [potion of mutation]
 55803 | Slime:3  | Lost mutation: Your spells are a little easier to cast, but
                  | a little less powerful. [potion of mutation]
 55803 | Slime:3  | Lost mutation: Your muscles are strong. (Str +2) [potion of
                  | mutation]
 55803 | Slime:3  | Lost mutation: Your magical capacity is low. (-10% MP)
                  | [potion of mutation]
 55873 | Slime:5  | Killed the Royal Jelly
 55973 | Slime:5  | Got a slimy rune of Zot
 55997 | Slime:5  | Got a faintly glowing wooden ring
 56071 | Slime:5  | Identified the ring "Jore" {Ice rPois rN+ MR-} (You found
                  | it on level 5 of the Pits of Slime)
 56116 | Slime:3  | Gained mutation: Potions are less effective at restoring
                  | your health. [a shining eye]
 56576 | Zot:1    | Entered Level 1 of the Realm of Zot
 56606 | Zig:1    | Entered Level 1 of a ziggurat
 56623 | Zig:2    | Entered Level 2 of a ziggurat
 56650 | Zig:3    | Entered Level 3 of a ziggurat
 56931 | Zig:4    | Entered Level 4 of a ziggurat
 56934 | Zig:4    | Found the ring of the Mage {Wiz MR++ Int+3}
 56956 | Zig:4    | Identified the Volume of Flying Dislocation
 56966 | Zig:5    | Entered Level 5 of a ziggurat
 56991 | Zig:6    | Entered Level 6 of a ziggurat
 56998 | Zig:6    | Noticed Itias the pandemonium lord
 57011 | Zig:6    | Killed Itias the pandemonium lord
 59690 | Zot:3    | Reached skill level 27 in Armour
 60852 | Zot:4    | Got an ichor-stained hat
 60853 | Zot:4    | Identified the +3 hat of the Wild Haggis {rN++} (You
                  | acquired it on level 4 of the Realm of Zot)
 61392 | Zot:5    | Entered Level 5 of the Realm of Zot
 61921 | Zot:5    | Noticed an ancient lich
 61922 | Zot:5    | Noticed an ancient lich
 61927 | Zot:5    | Killed an ancient lich
 61933 | Zot:5    | Killed an ancient lich
 61956 | Zot:5    | Noticed an ancient lich
 61959 | Zot:5    | Noticed an ancient lich
 61963 | Zot:5    | Noticed an orb of fire
 61965 | Zot:5    | Noticed an orb of fire
 61965 | Zot:5    | Noticed an orb of fire
 61969 | Zot:5    | Killed an ancient lich
 61972 | Zot:5    | Noticed an orb of fire
 61972 | Zot:5    | Noticed an ancient lich
 61974 | Zot:5    | Noticed an ancient lich
 61976 | Zot:5    | Noticed an ancient lich
 61978 | Zot:5    | Gained mutation: You occasionally shout uncontrollably at
                  | your foes. [an orb of fire]
 61980 | Zot:5    | Noticed an ancient lich
 61981 | Zot:5    | Killed an orb of fire
 61986 | Zot:5    | Killed an orb of fire
 61990 | Zot:5    | Gained mutation: Scrolls take you a little longer to read.
                  | [an orb of fire]
 61991 | Zot:5    | Killed an orb of fire
 61994 | Zot:5    | Killed an ancient lich
 61998 | Zot:5    | Killed an orb of fire
 61998 | Zot:5    | Noticed an ancient lich
 62000 | Zot:5    | Killed an ancient lich
 62007 | Zot:5    | Killed an ancient lich
 62014 | Zot:5    | Killed an ancient lich
 62019 | Zot:5    | Killed an ancient lich
 62021 | Zot:5    | Killed an ancient lich
 62454 | Zot:5    | Lost mutation: You are resistant to hostile enchantments.
                  | (MR+) [potion of mutation]
 62454 | Zot:5    | Lost mutation: You are somewhat resistant to further
                  | mutation. [potion of mutation]
 62454 | Zot:5    | Gained mutation: You are partially covered in large bone
                  | plates. (SH +4) [potion of mutation]
 62454 | Zot:5    | Gained mutation: You are resistant to hostile enchantments.
                  | (MR+) [potion of mutation]
 62455 | Zot:5    | Lost mutation: You have a beak for a mouth. [potion of
                  | mutation]
 62455 | Zot:5    | Lost mutation: Potions are less effective at restoring your
                  | health. [potion of mutation]
 62455 | Zot:5    | Gained mutation: You have sharp fingernails. [potion of
                  | mutation]
 62654 | Zot:5    | Got the Orb of Zot
 62842 | Zot:1    | Gained mutation: Your body sometimes deteriorates upon
                  | taking damage. [a neqoxec]
 62973 | Depths:2 | Noticed Reodogg the pandemonium lord
 62991 | Depths:2 | Killed Reodogg the pandemonium lord
 62991 | Depths:2 | Paralysed by an eldritch tentacle for 6 turns
 63001 | Depths:2 | Noticed Ficloc the pandemonium lord
 63015 | Depths:2 | Killed Ficloc the pandemonium lord
 63015 | Depths:2 | Reached skill level 27 in Dodging
 63094 | Depths:1 | Gained mutation: Scrolls take you longer to read. [a
                  | cacodemon]
 63174 | D:14     | Noticed Veirur the pandemonium lord
 63183 | D:14     | Killed Veirur the pandemonium lord
 63471 | D:$      | Escaped with the Orb!

Levels and vault maps discovered:
D:1:      ebering_trefoil_3fold, layout_basic, serial_bayou_ford_a,
          chequers_serial_rivers_micro_a, minivault_11
D:2:      layout_loops_corners, kennysheep_slug_shrine, uniq_robin
D:3:      layout_rooms
D:4:      layout_basic, lemuel_crystal_altar, minmay_temple_entry_antechambers,
          grunt_ministairs_1, uniq_grinder
D:5:      layout_cave_pools, old_standard_altar, nicolae_tso_besieged_by_evil,
          first_ration, patterned_corridor, uniq_duvessa
D:6:      layout_loops_ring, grunt_gozag_breadcrumbs, kennysheep_mini_moat,
          grunt_dithmenos_shadows, zin_scriptorium, uniq_menkaure, uniq_sigmund
D:7:      layout_layer_cave, nicolae_ru_awakened_eye, overflow_temple_1_default,
          nemelex_xobeh_ov_fountains_minmay
D:8:      layout_loops_ring, tgw_trog, serial_shops, kennysheep_mini
D:9:      layout_basic, overflow_temple_1_default
D:10:     layout_basic
D:11:     layout_loops_cross, due_lair_maze_entry_diamond, david_orc_3
D:12:     layout_roguey [special_room_orc], enter_bailey_3, uniq_jorgrun,
          uniq_kirke
D:13:     layout_long_grid, uniq_azrael
D:14:     layout_small_grid, erik_vaults_2, minmay_misc_feat_rugged,
          grunt_tengu_nest, uniq_agnes
D:15:     gammafunk_enter_depths_forms, layout_loops_cross,
          minmay_misc_feat_chi, nrook_guardian_serpent_double
Temple:   dpeg_three_leaves_temple
Lair:1:   layout_cave_pods, serial_bayou_shore_b
Lair:2:   layout_misc_corridors, basic_altar
Lair:3:   layout_regular_city, minmay_swamp_entry_worms, basic_altar, pond
Lair:4:   layout_gridlike, spider_nest_entry_webs, lemuel_fruit_fields,
          serial_bayou_shore_b, uniq_nessos
Lair:5:   layout_gridlike, bh_chokoban, minmay_stone_trees_medium,
          grunt_megastairs_1, uniq_rupert
Lair:6:   due_jungle_book, layout_regular_city, nicolae_slime_entry_slimehenge,
          infiniplex_staircase_pool_2
Swamp:1:  layout_basic_swamp, serial_swamp_ruin, evilmike_swamp_ruin_wall,
          evilmike_swamp_ruin_house_6, swamp_pool2, hangedman_swamp_ravenous,
          infiniplex_staircase_pool
Swamp:2:  layout_basic_swamp, hangedman_swamp_lotus
Swamp:3:  layout_falls_marsh, evilmike_swamp_ruin_house_1, uniq_donald
Swamp:4:  swamp, layout_basic_swamp, uniq_louise
Spider:1: layout_spider_delve
Spider:2: layout_spider_delve, minivault_29, uniq_frances
Spider:3: nicolae_spider_hall_of_the_moth_king
Spider:4: grunt_spider_rune_circles, uniq_arachne, uniq_bai_suzhen, uniq_nikola
Slime:1:  layout_caves, cheibrodos_slime_lost_civilization_6
Slime:2:  layout_caves, basic_altar, nicolae_slime_welcoming_committee,
          uniq_dissolution
Slime:3:  layout_caves, cheibrodos_slime_lost_civilization_5
Slime:4:  cheibrodos_slime_lost_civilization_9, layout_caves
Slime:5
Orc:1:    layout_diamond_mine, basic_altar
Orc:2:    st_orc_congregation, layout_diamond_mine, serial_shops,
          nicolae_shop_statue_plus, nicolae_shop_waterfront, shop, shop, shop,
          basic_altar, bloody_makhleb
Elf:1:    minmay_elf_arrival_circle, layout_loops_cross, minmay_elf_necromancy
Elf:2:    layout_geoelf_grid
Elf:3:    grunt_elf_hall_branching, layout_loops_corners,
          hangedman_feature_mirror
Vaults:1: nicolae_vaults_mini_display_case, nicolae_vaults_network_square,
          hangedman_vaults_slither, nicolae_vaults_big_ls, st_check,
          v_pattern_1, hangedman_vaults_unwind, ontoclasm_vaults_ring_small,
          layout_vaults_maze_bifur
Vaults:2: nicolae_vaults_little_squares_6, nicolae_vaults_lopsided_apartments,
          grunt_vaults_funnel, v_misc_9, vaults_room_hallway,
          grunt_vaults_hallway_long, v_rooms_4, vaults_mumra_hex,
          ontoclasm_vaults_eye, vaults_mumra_hexcomb, serial_ice_m,
          layout_vaults_ring, uniq_aizul
Vaults:3: minmay_crypt_entry_simple_box, vaults_mumra_minichess_inversion,
          hangedman_vaults_locks, grunt_vaults_focal, nicolae_vaults_rhombus_5,
          ontoclasm_vaults_twist, nicolae_vaults_border_crossing, v_misc_10,
          layout_vaults_omnigrid
Vaults:4: nicolae_vaults_network_star, grunt_vaults_hallway_short,
          nicolae_vaults_fighting_squares, v_misc_14, nicolae_vaults_arrows,
          nicolae_vaults_ninety_degrees, v_misc_14, v_misc_15, v_misc_27,
          v_misc_12, ontoclasm_vaults_loading_screen, layout_vaults_omnicross,
          basic_altar
Vaults:5: serial_shops, uniq_sojobo
Crypt:1:  layout_regular_city, gammafunk_ghost_crypt,
          serial_sigils_hangedman_shear, uniq_mara
Crypt:2:  layout_gridlike, uniq_xtahua
Crypt:3:  church_of_pain_bobbens, layout_chaotic_city,
          nicolae_tomb_entry_unfolded_pyramid_diagonal, uniq_mennas
Depths:1: layout_gridlike, pf_coc_iceberg, minmay_fountain_box, minivault_16,
          kennysheep_just_a_vault, minmay_shoptagon
Depths:2: gammafunk_depths_water_palace, layout_gridlike,
          ebering_ghost_inner_flame, lightli_too_deep, serial_rivers,
          chequers_serial_rivers_micro_a, chequers_serial_rivers_room_b,
          chequers_serial_rivers_room_b, chequers_serial_rivers_micro_b
Depths:3: minmay_imperfect_grid, layout_basic, grunt_pan_entry_sceptre,
          roderic_serpentine_path, hell_entry
Depths:4: minmay_the_grid_square_5x5_5x5 [minmay_the_grid_square_5x5_n,
          minmay_the_grid_square_5x5_three_walls,
          minmay_the_grid_square_5x5_half_checkered,
          minmay_the_grid_square_5x5_checkered, minmay_the_grid_square_5x5_tie,
          minmay_the_grid_square_5x5_seven,
          minmay_the_grid_square_5x5_prize_deathbox,
          minmay_the_grid_square_5x5_n_small,
          minmay_the_grid_square_5x5_prize_snowflake,
          minmay_the_grid_square_5x5_trominoes, minmay_the_grid_square_5x5_bite,
          minmay_the_grid_square_5x5_c,
          minmay_the_grid_square_5x5_prize_monsterx,
          minmay_the_grid_square_5x5_forky,
          minmay_the_grid_square_5x5_fancy_junction,
          minmay_the_grid_square_5x5_mess,
          minmay_the_grid_square_5x5_prize_open, minmay_the_grid_square_5x5_z,
          minmay_the_grid_square_5x5_prize_gold,
          minmay_the_grid_square_5x5_spiral_small,
          minmay_the_grid_square_5x5_beaten_path,
          minmay_the_grid_square_5x5_two_walls_a,
          minmay_the_grid_square_5x5_comb, minmay_the_grid_square_5x5_bracketed,
          minmay_the_grid_square_5x5_tetrominoes], layout_cave_pools,
          hex_medium, abyss_entry, hell_entry
Depths:5: grunt_zot_entry_alcove, layout_cave_shapes, enter_ziggurat_e,
          hex_tiny, hellmouth_1, ebering_dispersal_statue_hall,
          grunt_ministairs_9
Zot:1:    layout_gridville
Zot:2:    layout_cathedral_of_symmetry, grunt_megastairs_3
Zot:3:    kennysheep_blocky_hall, layout_cathedral_of_symmetry
Zot:4:    layout_twisted_circle, st_stairs_9
Zot:5:    layout_basic

Skill      XL: |  1  2  3  4  5  6  7  8  9 10 11 12 13 14 15 16 17 18 19 20 21 22 23 24 25 26 27 |
---------------+----------------------------------------------------------------------------------+-----
Axes           | 4 5 6 14 15 16 17 18 19 20 21 23 24 25 26 27 | 27.0
Armour         | 1 2 4 5 7 9 11 12 13 14 15 16 17 18 19 20 21 22 23 24 27 | 27.0
Fighting       | 3 5 6 8 10 11 12 13 14 15 16 17 18 20 22 23 25 26 27 | 27.0
Invocations    | 1 5 7 9 10 11 12 13 14 15 16 17 18 20 22 | 22.2
Dodging        | 5 9 11 13 15 27 | 27.0
Throwing       | |  2.0

Action                   |  1- 3 |  4- 6 |  7- 9 | 10-12 | 13-15 | 16-18 | 19-21 | 22-24 | 25-27 || total
-------------------------+-------+-------+-------+-------+-------+-------+-------+-------+-------++-------
Melee: War axe           |    70 |    27 |   239 |       |       |       |       |       |       ||   336
       Headbutt          |     3 |    11 |    55 |   104 |   284 |   441 |   212 |   281 |   594 ||  1985
       Battleaxe         |       |       |    73 |   481 |  1054 |   885 |   752 |       |       ||  3245
       Trident           |       |       |       |    12 |     9 |       |       |       |       ||    21
       Hand axe          |       |       |       |       |       |   562 |       |       |       ||   562
       Executioner's axe |       |       |       |       |       |       |    44 |  1188 |  1831 ||  3063
       Peck              |       |       |       |       |       |       |       |       |   238 ||   238
Invok: Major Destruction |       |       |       |       |       |     3 |       |     1 |     4 ||     8
       Greater Servant o |       |       |       |       |       |     1 |     1 |       |     1 ||     3
Evoke: Wand              |       |       |       |       |     7 |       |       |       |     3 ||    10
  Use: Potion            |       |     5 |       |     6 |     1 |    15 |     5 |     2 |    12 ||    46
       Scroll            |       |     7 |     9 |    14 |     8 |     9 |     7 |    18 |    27 ||    99
 Stab: Distracted        |       |       |       |       |     1 |       |       |       |       ||     1
       Sleeping          |       |       |       |       |       |       |     1 |       |       ||     1
       Invisible         |       |       |       |       |       |       |       |       |     5 ||     5
  Eat: Chunk             |     3 |     1 |     2 |    12 |     8 |     3 |       |     5 |     4 ||    38
       Ration            |       |     2 |     3 |     1 |     7 |    11 |     7 |     6 |    15 ||    52
Armor: Leather armour    |     9 |     5 |     4 |       |       |       |       |       |       ||    18
       Ring mail         |       |       |   107 |   177 |       |       |       |       |       ||   284
       Crystal plate arm |       |       |       |    85 |   666 |  1062 |   473 |       |       ||  2286
       Swamp dragon scal |       |       |       |       |       |   166 |       |       |       ||   166
       Plate armour      |       |       |       |       |       |       |   133 |   444 |       ||   577
       Gold dragon scale |       |       |       |       |       |       |       |   567 |  1571 ||  2138
Dodge: Dodged            |    53 |     6 |    88 |   304 |   259 |   429 |   234 |   494 |  1413 ||  3280
Block: Shield            |     6 |     2 |       |       |       |    90 |       |       |       ||    98
       Large shield      |       |     8 |   119 |       |       |   276 |       |       |       ||   403
       Other             |       |       |       |       |    63 |    63 |       |       |    26 ||   152
       Reflection        |       |       |       |       |     6 |     1 |       |       |       ||     7
